 Dungeon Crawl Stone Soup version 0.31-a0-667-g39726597b9 (webtiles) character file.

Game seed: 2930489222079596003

305 GordonOverkill the Magician (level 6, 0/37 HPs)
             Began as a Tengu Delver on Sept 4, 2023.
             Slain by a gnoll
             ... wielding a +0 flail
             ... led by a gnoll sergeant
              (6 damage)
             ... on level 4 of the Dungeon.
             The game lasted 00:07:18 (3851 turns).

GordonOverkill the Magician (Tengu Delver)          Turns: 3851, Time: 00:07:19

Health: 0/37       AC: 10    Str: 13    XL:     6   Next: 39%
Magic:  14/14      EV: 11    Int: 15    God:
Gold:   226        SH:  0    Dex: 17    Spells: 15/15 levels left

rFire   . . .        k - +1 short sword (speed)
rCold   + . .        (no shield)
rNeg    . . .        z - +1 ring mail "Itusazuy" {rC+ Int+3 Dex+2}
rPois   .            (helmet restricted)
rElec   .            (no cloak)
rCorr   .            (no gloves)
SInv    .            (boots unavailable)
Will    .....        (no amulet)
Stlth   ++           q - +4 ring of protection
HPRegen 0.26/turn    (no ring)
MPRegen 0.14/turn

%: acrobat
@: no status effects
A: beak, talons 3, acrobatic
a: no special abilities


You were on level 4 of the Dungeon.
You visited 1 branch of the dungeon, and saw 6 of its levels.

You collected 226 gold pieces.

Inventory:

Hand Weapons
 k - a +1 short sword of speed (weapon)
Missiles
 e - a throwing net
 m - 4 poisoned darts
 y - 2 boomerangs (quivered)
Armour
 u - the +1 leather armour of Nemelex Xobeh's Whim {rPois}
   (You found it on level 2 of the Dungeon)

   rPois:     It protects you from poison
 z - the +1 ring mail "Itusazuy" (worn) {rC+ Int+3 Dex+2}
   (You found it on level 4 of the Dungeon)

   Int+3:     It affects your intelligence (+3).
   Dex+2:     It affects your dexterity (+2).
   rC+:       It protects you from cold.
Jewellery
 l - a ring of ice
 q - a +4 ring of protection (left hand)
Wands
 g - a wand of digging (3)
 w - a wand of roots (11)
Scrolls
 a - a scroll of amnesia {unknown}
 c - a scroll of fog
 d - a scroll of revelation
 i - a scroll of teleportation {unknown}
 j - 2 scrolls of fear
 n - a scroll of noise {unknown}
 p - a scroll of brand weapon {unknown}
 s - a scroll of poison
 t - a scroll of torment {unknown}
 x - 2 scrolls of vulnerability
Potions
 b - 2 potions of heal wounds {unknown}
 f - 2 potions of haste
 o - 4 potions of attraction {unknown}
 r - a potion of brilliance
 A - 2 potions of might {unknown}


   Skills:
 - Level 3.0 Fighting
 - Level 3.0 Polearms
 - Level 2.1 Dodging
 - Level 5.0 Stealth
 + Level 5.3 Spellcasting


You had 15 spell levels left.
You didn't know any spells.
Your spell library contained the following spells:

 Spells                   Type           Power      Damage    Failure   Level
 Blink                    Tloc           6%         N/A       47%         2
 Manifold Assault         Tloc           3%         N/A       98%         4


Dungeon Overview and Level Annotations

Branches:
Dungeon (6/15)             Temple (0/1) D:6

Altars:
Dithmenos

Shops:
D:3 (

Annotations:
D:5 exclusions: black bear and hound


Innate Abilities, Weirdness & Mutations

You have a beak for a mouth.
You have claws for feet.
You can magically evade attacks while moving or waiting.


Message History

You peck the gnoll sergeant, but do no damage.
The gnoll sergeant is almost dead.
The gnoll sergeant misses you.
You hit the gnoll sergeant but do no damage.
You claw the gnoll sergeant, but do no damage.
The gnoll sergeant is almost dead.
The gnoll sergeant hits you with a +0 spear.
* * * LOW HITPOINT WARNING * * *
You closely miss the gnoll sergeant. Your kick misses the gnoll sergeant.
The gnoll sergeant blocks your attack.
The gnoll sergeant is almost dead.
You hit the gnoll sergeant.
You kill the gnoll sergeant!
Training target 5.0 for Spellcasting reached!
Your Spellcasting skill increases to level 5!
You need to enable at least one skill for training.
The gnoll attacks as it pursues you! The gnoll hits you with a +0 flail.
* * * LOW HITPOINT WARNING * * *
The gnoll attacks as it pursues you! The gnoll closely misses you.
The gnoll attacks as it pursues you! The gnoll completely misses you.
The gnoll attacks as it pursues you! The gnoll barely misses you.
The gnoll attacks as it pursues you! The gnoll completely misses you.
There is a stone staircase leading up here.
You see here a potion of degeneration.
The gnoll barely misses you.
The gnoll hits you from afar with a +3 halberd!
* * * LOW HITPOINT WARNING * * *
The ogre shouts!
You climb upwards.
There is a stone staircase leading down here.
You hit the gnoll.
The gnoll is lightly wounded.
You hit the gnoll.
The gnoll is moderately wounded.
The gnoll hits you with a +0 flail.
* * * LOW HITPOINT WARNING * * *
You hit the gnoll. Your kick misses the gnoll.
The gnoll is severely wounded.
The gnoll hits you with a +0 flail.
You die...

### ### ###### #.## ##.##
##.##.# ##..## ..#.##
#.###.# #..#.## ####.##
##.# #g## #..##.## #
#..####.## ##@# #..##..##
##......# #.# ##..###..#
#..###..## #.###....##..#
###..# ##..##
#..##......### ##....#
#...###........###
......####....##.........#
........##...............#
###......................#
##....####.#######.......#


You could see a gnoll.

Vanquished Creatures
  A gnoll sergeant (D:5)
  3 iguanas (D:4)
  A gnoll (D:1)
  6 adders
  A white imp (D:5)
  An ufetubus (D:4)
  3 worms
  3 dart slugs
  3 orcs
  6 bats
  9 endoplasms
  A giant cockroach (D:2)
  8 hobgoblins
  4 jackals (D:3)
  6 kobolds
  4 quokkas
  6 ball pythons
  6 frilled lizards
  4 goblins
  5 rats
81 creatures vanquished.

Notes
Turn   | Place    | Note
-------+----------+-------------------------------------------
     0 | D:5      | GordonOverkill the Tengu Delver began the quest for the
                  | Orb.
     0 | D:5      | Reached XP level 1. HP: 14/14 MP: 2/2
    13 | D:5      | Noticed a black bear
    74 | D:5      | Noticed a howler monkey
    74 | D:5      | Noticed a hound
    89 | D:6      | Found a staircase to the Ecumenical Temple.
    96 | D:6      | Noticed an orc wizard
   155 | D:5      | Reached XP level 2. HP: 19/19 MP: 3/3
   171 | D:5      | Noticed an ogre
   328 | D:2      | Reached skill level 1 in Spellcasting
   610 | D:1      | Reached XP level 3. HP: 23/23 MP: 6/6
  1230 | D:2      | Reached XP level 4. HP: 28/28 MP: 8/8
  1593 | D:2      | Identified the +1 leather armour of Nemelex Xobeh's Whim
                  | {rPois}
  1908 | D:3      | Found Ulih Fano's Weapon Shoppe.
  2485 | D:3      | Reached XP level 5. HP: 31/32 MP: 11/11
  2677 | D:4      | Identified the +1 ring mail "Itusazuy" {rC+ Int+3 Dex+2}
  3398 | D:4      | Found a shadowy altar of Dithmenos.
  3410 | D:4      | Reached XP level 6. HP: 29/37 MP: 14/14
  3840 | D:5      | Reached skill level 5 in Spellcasting
  3851 | D:4      | Slain by a gnoll

Illustrated notes

Levels and vault maps discovered:
D:1:      amcnicky_arrival_choice, layout_basic
D:2:      layout_basic
D:3:      layout_basic, serial_shops, nicolae_shop_advertising_works
          [nicolae_subvault_shop_adworks]
D:4:      layout_layer_cave, nicolae_dithmenos_the_darkroom, minmay_cupped
D:5:      layout_loops_corners, gup_sewer_entry_bowl
D:6:      kennysheep_kobold_camp, layout_rooms, gammafunk_temple_overflow_claw,
          kennysheep_mini, nicolae_wu_jian_wuxing_cycle,
          minmay_temple_entry_waves, interstate_on_off

Skill      XL: |  1  2  3  4  5  6 |
---------------+-------------------+-----
Polearms       | 3 |  3.0
Spellcasting   | 1 2 3 4 5 |  5.3
Fighting       | |  3.0
Dodging        | |  2.1
Stealth        | |  5.0

Action                     |  1- 3 |  4- 6 || total
---------------------------+-------+-------++-------
  Melee: Spear             |    49 |       ||    49
         Kick              |    20 |    35 ||    55
         Peck              |     7 |    29 ||    36
         Short sword       |    28 |   147 ||   175
         Punch             |     2 |       ||     2
  Throw: Javelin           |     2 |     5 ||     7
         Boomerang         |       |    10 ||    10
    Use: Scroll            |       |     5 ||     5
   Stab: Sleeping          |     7 |    10 ||    17
 Armour: Leather armour    |    16 |    19 ||    35
         Ring mail         |       |    33 ||    33
  Dodge: Dodged            |    31 |    86 ||   117

Table legend: (Time is in decaauts)
 A = Elapsed time spent in this place.
 B = Non-inter-level travel time spent in this place.
 C = Inter-level travel time spent in this place.
 D = Time resting spent in this place.
 E = Time spent auto-exploring this place.
 F = Levels seen in this place.
 G = Mean time per level.
                   A        B        C        D        E       F      G
               +--------+--------+--------+--------+--------+-----+--------+
         Total |   3796 |   3538 |    258 |    427 |   2041 |   6 |  632.7 |
       Dungeon |   3796 |   3538 |    258 |    427 |   2041 |   6 |  632.7 |
               +--------+--------+--------+--------+--------+-----+--------+

Top non-repeatable levels by time:
     D:3: 1132 daAuts
     D:4: 1113 daAuts
     D:1: 658 daAuts
     D:2: 655 daAuts
     D:5: 215 daAuts
     D:6: 20 daAuts
